 Dungeon Crawl Stone Soup version 0.31-a0-165-g3f4f80340b (webtiles) character file.

Game seed: 6526950487970459484

180 qw the Chopper (level 5, -1/32 HPs)
             Began as a Gargoyle Fighter on June 13, 2023.
             Slain by a phantom (5 damage)
             ... on level 4 of the Dungeon.
             The game lasted 00:01:08 (2036 turns).

qw the Chopper (Gargoyle Fighter)                   Turns: 2036, Time: 00:01:08

Health: -1/32      AC: 14    Str: 21    XL:     5   Next: 60%
Magic:  5/5        EV:  9    Int:  9    God:
Gold:   101        SH:  4    Dex:  9    Spells: 4/4 levels left

rFire   . . .        Y - +1 war axe
rCold   . . .        c - +0 buckler
rNeg    + . .        b - +0 scale mail
rPois   inf          f - +0 helmet
rElec   +            k - +0 cloak
rCorr   .            e - +0 pair of gloves
SInv    .            (no boots)
Will    .....        (no amulet) Stlth
                     (no ring)
HPRegen 0.25/turn    (no ring)
MPRegen 0.09/turn

%: no passive effects
@: no status effects
A: sickness immunity, AC +4, negative energy resistance 1, electricity
resistance, torment resistance 1, petrification resistance
a: no special abilities


You were on level 4 of the Dungeon.
You visited 1 branch of the dungeon, and saw 4 of its levels.

You collected 237 gold pieces.
You spent 136 gold pieces at shops.


Innate Abilities, Weirdness & Mutations

You are immune to sickness and miasma.
Your stone body is resilient. (AC +4)
You are immune to poison.
You resist negative energy. (rN+)
You are resistant to electric shocks. (rElec)
You are resistant to unholy torment.
You are immune to petrification.


   Skills:
 + Level 3.2 Fighting
 - Level 5.1 Axes
 - Level 3.2 Armour
 - Level 3.2 Shields


You had 4 spell levels left.
You didn't know any spells.
Your spell library was empty.

Inventory:

Hand Weapons
 n - a +0 flail
 Y - a +1 war axe (weapon)
Missiles
 l - a boomerang (quivered)
Armour
 b - a +0 scale mail (worn)
 c - a +0 buckler (worn)
 e - a +0 pair of gloves (worn)
 f - a +0 helmet (worn)
 k - a +0 cloak (worn)
Scrolls
 g - a scroll of fog {unknown}
 o - a scroll of identify
Potions
 a - a potion of attraction
 d - a potion of might
 m - a potion of curing

Dungeon Overview and Level Annotations

Branches:
Dungeon (4/15)
 Temple: D:4-7

Altars:
Fedhas
Hepliaklqana
Makhleb
Wu Jian

Shops:
D:3 *


Message History

You closely miss the phantom.
The phantom is lightly damaged.
The phantom hits you but does no damage.
You barely miss the phantom.
The phantom is lightly damaged.
The phantom hits you but does no damage. x2
You closely miss the phantom.
The phantom is lightly damaged.
The phantom hits you.
The phantom blinks!
You blink.
Enter note:
Enter note: You barely miss the phantom.
The phantom is lightly damaged.
The phantom hits you but does no damage.
You closely miss the phantom.
The phantom is lightly damaged.
The phantom barely misses you. You block the phantom's attack.
You hit the phantom.
The phantom is lightly damaged.
The phantom hits you but does no damage.
You barely miss the phantom.
The phantom is lightly damaged.
The phantom hits you but does no damage.
You closely miss the phantom.
The phantom is lightly damaged.
The phantom barely misses you.
You hit the phantom.
The phantom is moderately damaged.
You block the phantom's attack. The phantom closely misses you.
You hit the phantom.
The phantom is moderately damaged.
The phantom hits you.
You closely miss the phantom.
The phantom is moderately damaged.
You block the phantom's attack.
You slash the phantom!
The phantom is severely damaged.
The phantom hits you but does no damage.
The phantom hits you.
You die...

#.# .# ..## #.#
##...#..## #........
## #....... ..#
##......##...#
#.............
#.....@....#
##.##W....## #.......#
#.........###...
#.......)......##
#..........o.....##
.........##........#
........#....$.....#..
..................##..


You could see a phantom and an orc.

Vanquished Creatures
  A bullfrog zombie (D:4)
  2 orc priests
  An orc wizard (D:3)
  An adder (D:3)
  A dart slug (D:2)
  4 orcs
  3 ball pythons
  A bat (D:2)
  4 endoplasms
  4 giant cockroaches
  4 goblins
  4 hobgoblins
  4 jackals (D:1)
  3 quokkas
  A frilled lizard (D:1)
  3 kobolds
  7 rats
48 creatures vanquished.

Notes
Turn   | Place    | Note
-------+----------+-------------------------------------------
     0 | D:1      | qw the Gargoyle Fighter began the quest for the Orb.
     0 | D:1      | Reached XP level 1. HP: 14/14 MP: 1/1
     0 | D:1      | 0 ||| qw: Version: 0.2-a-29-gc1b59c4
     0 | D:1      | 0 ||| qw: Game counter: 4723
     0 | D:1      | 0 ||| qw: Always use a shield: true
     0 | D:1      | 0 ||| qw: God list: Okawaru
     0 | D:1      | 0 ||| qw: Allow faded altars: false
     0 | D:1      | 0 ||| qw: Do Orc after D:15 true
     0 | D:1      | 0 ||| qw: Do second Lair branch before Depths: true
     0 | D:1      | 0 ||| qw: Lair rune preference: random
     0 | D:1      | 0 ||| qw: Plans: Normal, Zot:1-4, Slime:5, God:TSO, Crypt,
                  | Tomb, Abyss, Pan, Hells, Win
     0 | D:1      | 0 ||| PLANNING D:1-11
    38 | D:1      | Reached skill level 2 in Axes
    50 | D:1      | Reached XP level 2. HP: 18/19 MP: 2/2
   307 | D:1      | 307 ||| FLEEEEING.
   308 | D:1      | 308 ||| FLEEEEING.
   309 | D:1      | 309 ||| FLEEEEING.
   718 | D:1      | Reached skill level 3 in Axes
   786 | D:1      | 786 ||| UPGRADING to +0 helmet.
   791 | D:1      | 791 ||| UPGRADING to +0 cloak.
   796 | D:1      | 796 ||| READING scroll labelled HAME VEIHAOGGI.
   797 | D:1      | 797 ||| READING scroll labelled YVVIUHU XUAQA.
   798 | D:1      | 798 ||| READING scroll labelled XUNKUGOJEE.
   855 | D:2      | Found a burning altar of Makhleb.
   876 | D:2      | Reached XP level 3. HP: 23/23 MP: 3/3
  1161 | D:2      | Found a faded altar of an unknown god.
  1249 | D:2      | 1249 ||| UPGRADING to +0 pair of gloves.
  1254 | D:2      | 1254 ||| READING scroll labelled KIORCH SEGUALA.
  1355 | D:2      | 1355 ||| READING scroll labelled KUNWI GANIUWEY.
  1356 | D:2      | 1356 ||| READING scroll labelled OCHUOKHOYVI.
  1495 | D:3      | Found an ornate altar of the Wu Jian Council.
  1537 | D:3      | 1537 ||| Stepping ~*~*~tactically~*~*~ (stealth).
  1552 | D:3      | Reached skill level 4 in Axes
  1552 | D:3      | Reached XP level 4. HP: 20/28 MP: 4/4
  1613 | D:3      | 1613 ||| DROPPING -3 mace.
  1675 | D:3      | Found a hazy altar of Hepliaklqana.
  1722 | D:3      | Found a blossoming altar of Fedhas.
  1738 | D:3      | Reached XP level 5. HP: 32/32 MP: 5/5
  1761 | D:3      | Found Moufi Imoko's Assorted Antiques.
  1767 | D:3      | 1767 ||| BUYING clear potion (18 gold).
  1767 | D:3      | Bought a clear potion for 18 gold pieces
  1767 | D:3      | 1767 ||| BUYING red potion (18 gold).
  1767 | D:3      | Bought a red potion for 18 gold pieces
  1767 | D:3      | 1767 ||| BUYING scroll labelled BICEQA DATAW (20 gold).
  1767 | D:3      | Bought a scroll labelled BICEQA DATAW for 20 gold pieces
  1767 | D:3      | 1767 ||| BUYING scroll of identify (40 gold).
  1767 | D:3      | Bought a scroll of identify for 40 gold pieces
  1767 | D:3      | 1767 ||| BUYING scroll of identify (40 gold).
  1767 | D:3      | Bought a scroll of identify for 40 gold pieces
  1844 | D:3      | 1844 ||| READING scroll labelled BICEQA DATAW.
  1845 | D:3      | 1845 ||| DRINKING 2 fuming grey potions.
  1950 | D:3      | 1950 ||| DRINKING 2 red potions.
  1951 | D:3      | 1951 ||| READING 4 scrolls of identify.
  1951 | D:3      | 1951 ||| IDENTIFYING fizzy silvery potion
  1952 | D:3      | 1952 ||| READING 3 scrolls of identify.
  1952 | D:3      | 1952 ||| IDENTIFYING pink potion
  1953 | D:3      | 1953 ||| READING 2 scrolls of identify.
  1953 | D:3      | 1953 ||| IDENTIFYING clear potion
  1954 | D:3      | 1954 ||| DROPPING potion of berserk rage.
  1955 | D:3      | 1955 ||| DROPPING potion of brilliance.
  1956 | D:3      | 1956 ||| DROPPING potion of ambrosia.
  1990 | D:4      | 1990 ||| Stepping ~*~*~tactically~*~*~ (stealth).
  1993 | D:4      | 1993 ||| Stepping ~*~*~tactically~*~*~ (stealth).
  1996 | D:4      | 1996 ||| Stepping ~*~*~tactically~*~*~ (stealth).
  2006 | D:4      | 2006 ||| Stepping ~*~*~tactically~*~*~ (stealth).
  2011 | D:4      | 2011 ||| Stepping ~*~*~tactically~*~*~ (hiding).
  2016 | D:4      | HP: 7/32 [orc priest/+0 flail (5)]
  2017 | D:4      | 2017 ||| READING scroll of teleportation.
  2019 | D:4      | HP: 3/32 [orc priest/+0 flail (5)]
  2021 | D:4      | Noticed a phantom
  2022 | D:4      | Reached skill level 5 in Axes
  2027 | D:4      | HP: 3/32 [phantom (3)]
  2034 | D:4      | HP: 4/32 [phantom (1)]
  2036 | D:4      | Slain by a phantom

Levels and vault maps discovered:
D:1:      erik_arrival_blinker_ship, layout_basic,
          chequers_serial_rivers_small_b
D:2:      layout_basic, basic_altar, ebering_ecumenical_altar_rust
D:3:      layout_basic, fedhas_ov_isle_minmay,
          mainiacjoe_overflow_cross_hatched, nicolae_hepliaklqana_hippocampus,
          serial_shops, nicolae_shop_tiny_waterfront
D:4:      layout_cave_pools, elyvilon_altar_4, minmay_temple_entry_grid,
          serial_undead, serial_undead_f, serial_undead_a, serial_undead_b,
          serial_undead_a, serial_undead_e, serial_undead_f, serial_undead_a,
          minmay_ruptured, uniq_crazy_yiuf_cottage

Skill      XL: |  1  2  3  4  5 |
---------------+----------------+-----
Axes           | 2 3 4 5 |  5.1
Fighting       | |  3.2
Armour         | |  3.2
Shields        | |  3.2

Action                     |  1- 3 |  4- 6 || total
---------------------------+-------+-------++-------
  Melee: War axe           |   102 |    40 ||   142
  Throw: Boomerang         |       |    15 ||    15
    Use: Scroll            |     6 |     5 ||    11
         Potion            |       |     2 ||     2
 Armour: Scale mail        |    50 |    36 ||    86
  Dodge: Dodged            |    36 |    20 ||    56
  Block: Buckler           |    22 |    10 ||    32

Table legend:
 A = Non-vault XP
 B = Vault XP
 C = Vault XP percentage of total XP
 D = Non-vault monster count
 E = Vault monster count
 F = Vault count percentage of total count
                 A         B        C        D         E       F
            +---------+---------+-------+---------+---------+-------
      Total |     213 |      45 |  17.4 |      47 |       1 |   2.1
            +---------+---------+-------+---------+---------+-------
        D:1 |      30 |       0 |   0.0 |      17 |       0 |   0.0
        D:2 |      16 |       0 |   0.0 |       8 |       0 |   0.0
        D:3 |     121 |       0 |   0.0 |      19 |       0 |   0.0
        D:4 |      46 |      45 |  49.5 |       3 |       1 |  25.0
            +---------+---------+-------+---------+---------+-------
